TOP OF THE 1ST |
Calgary Cowboys batting - Pitching for San Jose Missions : RHP Mike Clay
|
Pitching: RHP Mike Clay
|
|
Batting: RHB César Rodríguez
|
0-0: Ball 1-0: Called Strike 1-1: SOLO HOME RUN (Flyball, 8LXD), Distance : 436 ft
|
Batting: LHB Del Kennedy
|
0-0: Called Strike 0-1: Swinging Strike 0-2: Strikes out looking
|
Batting: RHB Dan Wyatt
|
0-0: Called Strike 0-1: Foul Ball, location: 2F 0-2: Ball 1-2: Foul Ball, location: 2F 1-2: Ball 2-2: Fly out, F8 (Flyball, 8RXD)
|
Batting: LHB Miguel Pérez
|
0-0: Ball 1-0: Ball 2-0: Fly out, F3 (Line Drive, 34)
|
Top of the 1st over - 1 run(s), 1 hit(s), 0 error(s), 0 left on base; Calgary 1 - San Jose 0 |
BOTTOM OF THE 1ST |
San Jose Missions batting - Pitching for Calgary Cowboys : LHP Dave Watkins
|
Pitching: LHP Dave Watkins
|
|
Batting: RHB Peyton Pennington
|
0-0: Swinging Strike 0-1: Swinging Strike 0-2: Ball 1-2: Strikes out swinging
|
Batting: RHB Ed Starr
|
0-0: Called Strike 0-1: Ball 1-1: Ball 2-1: Ball 3-1: Ground out 5-3 (Groundball, 56)
|
Batting: LHB Arturo Rivera
|
0-0: Ball 1-0: SINGLE (Groundball, 4MS) (infield hit)
|
Batting: RHB Lorenzo Mota
|
0-0: Ball 1-0: Foul Ball, location: 2F 1-1: Foul Ball, location: 2F 1-2: Ball 2-2: Strikes out looking
|
Bottom of the 1st over - 0 run(s), 1 hit(s), 0 error(s), 1 left on base; Calgary 1 - San Jose 0 |
TOP OF THE 2ND |
Calgary Cowboys batting - Pitching for San Jose Missions : RHP Mike Clay
|
Batting: RHB Jorge Balencia
|
0-0: Ball 1-0: SINGLE (Flyball, 7S)
|
Batting: LHB Freddy Herrera
|
0-0: Ball 1-0: Called Strike 1-1: Ball 2-1: Ball 3-1: Base on Balls Jorge Balencia to second
|
Batting: RHB Travis Colbert
|
0-0: Ball 1-0: Ball 2-0: Ball 3-0: Called Strike 3-1: Base on Balls Jorge Balencia to third Freddy Herrera to second
|
Batting: RHB Shayne Burry
|
0-0: Ball 1-0: Ball 2-0: DOUBLE (Line Drive, 9) Jorge Balencia scores Freddy Herrera scores Travis Colbert to third
|
Batting: RHB Mario Sánchez
|
0-0: Called Strike 0-1: Swinging Strike 0-2: Ball 1-2: Ball 2-2: Ball 3-2: Strikes out swinging
|
Batting: RHB César Rodríguez
|
0-0: Called Strike 0-1: SINGLE (Groundball, 6M) (infield hit) Travis Colbert scores Shayne Burry to third
|
Batting: LHB Del Kennedy
|
0-0: Called Strike César Rodríguez steals 2nd base 0-1: Ball Wild Pitch! Shayne Burry scores César Rodríguez to third 1-1: Ball Wild Pitch! César Rodríguez scores 2-1: Foul Ball, location: 2F 2-2: Ball 3-2: Ground out 4-3 (Groundball, 34)
|
Batting: RHB Dan Wyatt
|
0-0: Called Strike 0-1: Ball 1-1: Foul Ball, location: 2F 1-2: Ground out 5-3 (Groundball, 25)
|
Top of the 2nd over - 5 run(s), 3 hit(s), 0 error(s), 0 left on base; Calgary 6 - San Jose 0 |
BOTTOM OF THE 2ND |
San Jose Missions batting - Pitching for Calgary Cowboys : LHP Dave Watkins
|
Batting: RHB Emílio Bruno
|
0-0: Called Strike 0-1: Ball 1-1: Foul Ball, location: 2F 1-2: Foul Ball, location: 2F 1-2: Strikes out swinging
|
Batting: LHB Phil Cantrell
|
0-0: Called Strike 0-1: Ball 1-1: Fly out, F6 (Popup, 6MD)
|
Batting: LHB John Foster
|
0-0: Called Strike 0-1: Called Strike 0-2: Ball 1-2: Strikes out swinging
|
Bottom of the 2nd over - 0 run(s), 0 hit(s), 0 error(s), 0 left on base; Calgary 6 - San Jose 0 |
TOP OF THE 3RD |
Calgary Cowboys batting - Pitching for San Jose Missions : RHP Mike Clay
|
Batting: LHB Miguel Pérez
|
0-0: Called Strike 0-1: Ball 1-1: Called Strike 1-2: TRIPLE (Flyball, 78D)
|
Batting: RHB Jorge Balencia
|
0-0: SINGLE (Line Drive, 78M) Miguel Pérez scores
|
Batting: LHB Freddy Herrera
|
0-0: Ball 1-0: Foul Ball, location: 2F 1-1: Ball 2-1: SINGLE (Groundball, 34D) Jorge Balencia to second Runner from 2nd tries for 3rd, SAFE, throw made to third
|
Batting: RHB Travis Colbert
|
0-0: Called Strike 0-1: Ball 1-1: SINGLE (Line Drive, 6MD) Jorge Balencia scores Freddy Herrera to second Runner from 2nd tries for 3rd, SAFE after rundown.
|
Batting: RHB Shayne Burry
|
0-0: Called Strike 0-1: Foul Ball, location: 2F 0-2: Ball 1-2: Ball 2-2: Foul Ball, location: 2F 2-2: Ball Travis Colbert is caught stealing 2nd base 3-2: Base on Balls
|
Batting: RHB Mario Sánchez
|
0-0: Swinging Strike 0-1: Ball 1-1: Swinging Strike 1-2: DOUBLE (Flyball, 78D) Freddy Herrera scores Shayne Burry to third
|
Pitching: LHP Morgan O'Day
|
|
Batting: RHB César Rodríguez
|
0-0: Ball 1-0: Fly out, F8 (Flyball, 8LM) Runner from 3rd tags up, SCORES, throw made
|
Batting: LHB Del Kennedy
|
0-0: Ball 1-0: Called Strike 1-1: Fly out, F2 (Popup, 23)
|
Top of the 3rd over - 4 run(s), 5 hit(s), 0 error(s), 1 left on base; Calgary 10 - San Jose 0 |
BOTTOM OF THE 3RD |
San Jose Missions batting - Pitching for Calgary Cowboys : LHP Dave Watkins
|
Batting: RHB Glenn Johnson
|
0-0: Foul Ball, location: 2F 0-1: Fly out, F9 (Flyball, 34D)
|
Batting: RHB José Ramos
|
0-0: Ball 1-0: Ball 2-0: SINGLE (Groundball, 34D)
|
Batting: RHB Peyton Pennington
|
0-0: Called Strike 0-1: Called Strike 0-2: Ground out 4-3 (Groundball, 4S) José Ramos to second
|
Batting: RHB Ed Starr
|
0-0: Called Strike 0-1: Ball 1-1: Foul Ball, location: 2F 1-2: Ball 2-2: Ball 3-2: Ground out 6-3 (Groundball, 6)
|
Bottom of the 3rd over - 0 run(s), 1 hit(s), 0 error(s), 1 left on base; Calgary 10 - San Jose 0 |
TOP OF THE 4TH |
Calgary Cowboys batting - Pitching for San Jose Missions : LHP Morgan O'Day
|
Batting: RHB Dan Wyatt
|
0-0: Ball 1-0: DOUBLE (Flyball, 8LXD)
|
Batting: LHB Miguel Pérez
|
0-0: Called Strike 0-1: Ball 1-1: Foul Ball, location: 2F 1-2: Fly out, F9 (Flyball, 89M)
|
Batting: RHB Jorge Balencia
|
0-0: Ground out U3 (Groundball, 3) Dan Wyatt to third
|
Batting: LHB Freddy Herrera
|
0-0: Ball 1-0: Ball 2-0: Fly out, F6 (Popup, 6)
|
Top of the 4th over - 0 run(s), 1 hit(s), 0 error(s), 1 left on base; Calgary 10 - San Jose 0 |
BOTTOM OF THE 4TH |
San Jose Missions batting - Pitching for Calgary Cowboys : LHP Dave Watkins
|
Batting: LHB Arturo Rivera
|
0-0: Fly out, F7 (Flyball, 78S)
|
Batting: RHB Lorenzo Mota
|
0-0: Ball 1-0: Ball 2-0: Ball 3-0: Base on Balls
|
Batting: RHB Emílio Bruno
|
0-0: Swinging Strike 0-1: Called Strike 0-2: Strikes out swinging
|
Batting: LHB Phil Cantrell
|
0-0: Foul Ball, location: 2F 0-1: Called Strike 0-2: 2-RUN HOME RUN (Flyball, 89XD), Distance : 412 ft
|
Batting: LHB John Foster
|
0-0: Called Strike 0-1: Ball 1-1: Called Strike 1-2: Ball 2-2: Ground out 4-3 (Groundball, 4)
|
Bottom of the 4th over - 2 run(s), 1 hit(s), 0 error(s), 0 left on base; Calgary 10 - San Jose 2 |
TOP OF THE 5TH |
Calgary Cowboys batting - Pitching for San Jose Missions : LHP Morgan O'Day
|
Batting: RHB Travis Colbert
|
0-0: Called Strike 0-1: Foul Ball, location: 2F 0-2: Fly out, F9 (Flyball, 89S)
|
Batting: RHB Shayne Burry
|
0-0: Ball 1-0: Foul Ball, location: 2F 1-1: Ball 2-1: Ground out 6-3 (Groundball, 6)
|
Batting: RHB Mario Sánchez
|
0-0: Ground out 4-3 (Groundball, 4M)
|
Top of the 5th over - 0 run(s), 0 hit(s), 0 error(s), 0 left on base; Calgary 10 - San Jose 2 |
BOTTOM OF THE 5TH |
San Jose Missions batting - Pitching for Calgary Cowboys : LHP Dave Watkins
|
Batting: RHB Glenn Johnson
|
0-0: Called Strike 0-1: Foul Ball, location: 2F 0-2: Ball 1-2: Ball 2-2: Ball 3-2: Foul Ball, location: 2F 3-2: Base on Balls
|
Batting: RHB José Ramos
|
0-0: Foul Ball, location: 2F 0-1: Ball 1-1: Ball 2-1: Ground out 5-3 (Groundball, 56S) Glenn Johnson to second
|
Batting: RHB Peyton Pennington
|
0-0: Called Strike 0-1: Ball 1-1: Called Strike 1-2: Ball 2-2: Ball 3-2: Fly out, F9 (Flyball, 9)
|
Batting: RHB Ed Starr
|
0-0: Ball 1-0: Foul Ball, location: 2F 1-1: Foul Ball, location: 2F 1-2: Ground out 5-3 (Groundball, 5S)
|
Bottom of the 5th over - 0 run(s), 0 hit(s), 0 error(s), 1 left on base; Calgary 10 - San Jose 2 |
TOP OF THE 6TH |
Calgary Cowboys batting - Pitching for San Jose Missions : LHP Morgan O'Day
|
Batting: RHB César Rodríguez
|
0-0: Ball 1-0: Ball 2-0: Ball 3-0: Called Strike 3-1: Base on Balls
|
Batting: LHB Del Kennedy
|
0-0: Foul Ball, location: 2F 0-1: 2-RUN HOME RUN (Flyball, 89XD), Distance : 428 ft
|
Batting: RHB Dan Wyatt
|
0-0: Foul Ball, location: 2F 0-1: SINGLE (Groundball, 6) (infield hit)
|
Pinch Hitting: RHB Tom Rowe
|
0-0: Fly out, F9 (Flyball, 89D)
|
Batting: RHB Jorge Balencia
|
0-0: 2-RUN HOME RUN (Flyball, 7D), Distance : 386 ft
|
Pitching: RHP Luis Antonio Rosas
|
|
Batting: LHB Freddy Herrera
|
0-0: Ball 1-0: Ball 2-0: Called Strike 2-1: Ball 3-1: Base on Balls
|
Batting: RHB Travis Colbert
|
0-0: Ball 1-0: Foul Ball, location: 2F 1-1: Ball 2-1: SINGLE (Line Drive, 7S) Freddy Herrera to second
|
Batting: RHB Shayne Burry
|
0-0: Ball 1-0: Ball 2-0: Ball 3-0: Base on Balls Freddy Herrera to third Travis Colbert to second
|
Batting: RHB Mario Sánchez
|
0-0: Called Strike 0-1: Ball 1-1: Swinging Strike 1-2: Ball 2-2: Ball 3-2: Base on Balls Freddy Herrera scores Travis Colbert to third Shayne Burry to second
|
Batting: RHB César Rodríguez
|
0-0: Ball 1-0: Ball 2-0: Ball 3-0: Called Strike 3-1: Base on Balls Travis Colbert scores Shayne Burry to third Mario Sánchez to second
|
Batting: LHB Del Kennedy
|
0-0: Called Strike 0-1: Ball 1-1: Swinging Strike 1-2: Ball 2-2: Ball 3-2: Base on Balls Shayne Burry scores Mario Sánchez to third César Rodríguez to second
|
Batting: RHB Dan Wyatt
|
0-0: SINGLE (Groundball, 6S) (infield hit) Mario Sánchez scores César Rodríguez to third Del Kennedy to second
|
Batting: RHB Tom Rowe
|
0-0: Ball Balk! César Rodríguez scores Del Kennedy to third Dan Wyatt to second 1-0: Foul Ball, location: 2F 1-1: Foul Ball, location: 2F 1-2: Fly out, F9 (Flyball, 9) Runner from 3rd tags up, SCORES, throw made
|
Pitching: LHP Raúl Perales
|
|
Batting: RHB Jorge Balencia
|
0-0: Ball 1-0: Called Strike 1-1: 2-RUN HOME RUN (Flyball, 89XD), Distance : 420 ft
|
Batting: LHB Freddy Herrera
|
0-0: Ball 1-0: Called Strike 1-1: Called Strike 1-2: Fly out, F4 (Line Drive, 4)
|
Top of the 6th over - 12 run(s), 6 hit(s), 0 error(s), 0 left on base; Calgary 22 - San Jose 2 |
BOTTOM OF THE 6TH |
San Jose Missions batting - Pitching for Calgary Cowboys : LHP Dave Watkins
|
Now in CF: Derek Carr
|
|
Batting: LHB Arturo Rivera
|
0-0: Swinging Strike 0-1: Ball 1-1: Foul Ball, location: 2F 1-2: Strikes out swinging
|
Batting: RHB Lorenzo Mota
|
0-0: Foul Ball, location: 2F 0-1: Called Strike 0-2: Ball 1-2: Foul Ball, location: 2F 1-2: Ball 2-2: Ball 3-2: SINGLE (Popup, 6D)
|
Pitching: RHP Pedro Leal
|
|
Batting: RHB Emílio Bruno
|
0-0: SINGLE (Line Drive, 56) Lorenzo Mota to second
|
Batting: LHB Phil Cantrell
|
0-0: Called Strike 0-1: Foul Ball, location: 2F 0-2: Ball 1-2: Ball 2-2: Strikes out looking
|
Batting: LHB John Foster
|
0-0: Ball 1-0: Ball 2-0: Ball 3-0: Called Strike 3-1: 3-RUN HOME RUN (Flyball, 89XD), Distance : 420 ft
|
Batting: RHB Glenn Johnson
|
0-0: Fly out, F7 (Flyball, 78S)
|
Bottom of the 6th over - 3 run(s), 3 hit(s), 0 error(s), 0 left on base; Calgary 22 - San Jose 5 |
TOP OF THE 7TH |
Calgary Cowboys batting - Pitching for San Jose Missions : LHP Raúl Perales
|
Batting: RHB Travis Colbert
|
0-0: Ball 1-0: Foul Ball, location: 2F 1-1: Ball 2-1: Ball 3-1: Swinging Strike 3-2: Foul Ball, location: 2F 3-2: Strikes out looking
|
Batting: RHB Shayne Burry
|
0-0: Called Strike 0-1: Foul Ball, location: 2F 0-2: Foul Ball, location: 2F 0-2: Foul Ball, location: 2F 0-2: Ball 1-2: SINGLE (Line Drive, 56)
|
Batting: RHB Mario Sánchez
|
0-0: Ball 1-0: Ball 2-0: Ball 3-0: Called Strike 3-1: Foul Ball, location: 2F 3-2: Strikes out looking
|
Batting: RHB César Rodríguez
|
0-0: Ball 1-0: Foul Ball, location: 2F 1-1: Fly out, F8 (Flyball, 8LM)
|
Top of the 7th over - 0 run(s), 1 hit(s), 0 error(s), 1 left on base; Calgary 22 - San Jose 5 |
BOTTOM OF THE 7TH |
San Jose Missions batting - Pitching for Calgary Cowboys : RHP Pedro Leal
|
Batting: RHB José Ramos
|
0-0: Ball 1-0: Ball 2-0: Ball 3-0: Base on Balls
|
Batting: RHB Peyton Pennington
|
0-0: Called Strike 0-1: Ball 1-1: DOUBLE (Flyball, 89D) José Ramos to third
|
Batting: RHB Ed Starr
|
0-0: Called Strike 0-1: Called Strike 0-2: Ball 1-2: Ball 2-2: Foul Ball, location: 2F 2-2: Strikes out swinging
|
Batting: LHB Arturo Rivera
|
0-0: Called Strike 0-1: Ball 1-1: Ball 2-1: Foul Ball, location: 2F 2-2: Foul Ball, location: 2F 2-2: Ground out 3-1 (Groundball, 34) José Ramos scores Peyton Pennington to third
|
Pitching: RHP Mitsunari Jouda
|
|
Batting: RHB Lorenzo Mota
|
0-0: Ball 1-0: Ground out 5-3 (Groundball, 56)
|
Bottom of the 7th over - 1 run(s), 1 hit(s), 0 error(s), 1 left on base; Calgary 22 - San Jose 6 |
TOP OF THE 8TH |
Calgary Cowboys batting - Pitching for San Jose Missions : LHP Raúl Perales
|
Pinch Hitting: LHB Fred Abrams
|
0-0: Ball 1-0: Ball 2-0: Swinging Strike 2-1: Foul Ball, location: 2F 2-2: Ball 3-2: Foul Ball, location: 2F 3-2: Strikes out swinging
|
Batting: RHB Dan Wyatt
|
0-0: Ball 1-0: Ball 2-0: Foul Ball, location: 2F 2-1: Ball 3-1: Base on Balls
|
Batting: RHB Derek Carr
|
0-0: Fly out, F3 (Popup, 3L)
|
Batting: RHB Jorge Balencia
|
0-0: Ball 1-0: Called Strike 1-1: Ball 2-1: Swinging Strike 2-2: Ball 3-2: Base on Balls Dan Wyatt to second
|
Batting: LHB Freddy Herrera
|
0-0: Ball 1-0: Ball Balk! Dan Wyatt to third Jorge Balencia to second 2-0: Ball 3-0: Called Strike 3-1: Called Strike 3-2: Base on Balls
|
Batting: RHB Travis Colbert
|
0-0: SINGLE (Flyball, 9S) Dan Wyatt scores Jorge Balencia to third Freddy Herrera to second Runner from 3rd tries for Home, SAFE, no throw
|
Batting: RHB Shayne Burry
|
0-0: Ball 1-0: Ball Wild Pitch! Freddy Herrera to third Travis Colbert to second 2-0: Foul Ball, location: 2F 2-1: Ball 3-1: Base on Balls
|
Batting: RHB Mario Sánchez
|
0-0: Called Strike 0-1: Ball 1-1: Foul Ball, location: 2F 1-2: Strikes out swinging
|
Top of the 8th over - 2 run(s), 1 hit(s), 0 error(s), 3 left on base; Calgary 24 - San Jose 6 |
BOTTOM OF THE 8TH |
San Jose Missions batting - Pitching for Calgary Cowboys : RHP Mitsunari Jouda
|
Now in RF: Fred Abrams
|
|
Batting: RHB Emílio Bruno
|
0-0: Called Strike 0-1: Ball 1-1: Called Strike 1-2: Ball 2-2: SINGLE (Groundball, 34S) (infield hit)
|
Batting: LHB Phil Cantrell
|
0-0: Ball 1-0: Ball 2-0: Ball 3-0: Base on Balls Emílio Bruno to second
|
Batting: LHB John Foster
|
0-0: Ball 1-0: DOUBLE (Line Drive, 7LS) Emílio Bruno scores Phil Cantrell to third
|
Batting: RHB Glenn Johnson
|
0-0: Ball 1-0: Reached on error, E5 (Groundball, 56S) Phil Cantrell scores John Foster to third
|
Batting: RHB José Ramos
|
0-0: Ball 1-0: SINGLE (Flyball, 8RS) John Foster scores Glenn Johnson to second
|
Pitching: RHP Bernardo Romero
|
|
Batting: RHB Peyton Pennington
|
0-0: Ball 1-0: Foul Ball, location: 2F 1-1: DOUBLE (Line Drive, 7D) Glenn Johnson scores José Ramos to third Runner from 3rd tries for Home, SAFE, throw made home
|
Batting: RHB Ed Starr
|
0-0: Called Strike 0-1: Foul Ball, location: 2F 0-2: Strikes out looking
|
Batting: LHB Arturo Rivera
|
0-0: Called Strike 0-1: Ground out 1-3 (Groundball, P) Peyton Pennington to third
|
Batting: RHB Lorenzo Mota
|
0-0: Ball 1-0: Called Strike 1-1: Swinging Strike 1-2: Ball 2-2: Strikes out swinging
|
Bottom of the 8th over - 5 run(s), 4 hit(s), 1 error(s), 1 left on base; Calgary 24 - San Jose 11 |
TOP OF THE 9TH |
Calgary Cowboys batting - Pitching for San Jose Missions : LHP Raúl Perales
|
Pitching: LHP Joe Barnes
|
|
Batting: RHB César Rodríguez
|
0-0: Hit by Pitch
|
Batting: LHB Fred Abrams
|
0-0: Ball 1-0: DOUBLE (Line Drive, 9LD) César Rodríguez to third
|
Batting: RHB Dan Wyatt
|
0-0: Ball 1-0: Foul Ball, location: 2F 1-1: Foul Ball, location: 2F 1-2: Foul Ball, location: 2F 1-2: Foul Ball, location: 2F 1-2: Ball 2-2: Foul Ball, location: 2F 2-2: Foul Ball, location: 2F 2-2: Foul Ball, location: 2F 2-2: Ground out 5-3 (Groundball, 56S) César Rodríguez scores Fred Abrams to third
|
Batting: RHB Derek Carr
|
0-0: Ball 1-0: Swinging Strike 1-1: Swinging Strike 1-2: SINGLE (Groundball, 56D) Fred Abrams scores
|
Batting: RHB Jorge Balencia
|
|
Pinch Hitting: RHB Paul Swift
|
0-0: Ball 1-0: Fly out, F8 (Flyball, 78M)
|
Batting: LHB Freddy Herrera
|
|
Pinch Hitting: SHB Juan Acevado
|
0-0: Foul Ball, location: 2F 0-1: Ball 1-1: Ball 2-1: Foul Ball, location: 2F 2-2: Ball Wild Pitch! Derek Carr to second 3-2: Base on Balls
|
Batting: RHB Travis Colbert
|
0-0: Ball 1-0: DOUBLE (Line Drive, 8LM) Derek Carr scores Juan Acevado to third Runner from 3rd tries for Home, SAFE, no throw
|
Pitching: RHP Ralph Williams
|
|
Batting: RHB Shayne Burry
|
0-0: Called Strike 0-1: Swinging Strike 0-2: Strikes out looking
|
Top of the 9th over - 4 run(s), 3 hit(s), 0 error(s), 1 left on base; Calgary 28 - San Jose 11 |
BOTTOM OF THE 9TH |
San Jose Missions batting - Pitching for Calgary Cowboys : RHP Bernardo Romero
|
Now at 2B: Tom Yarbrough
|
|
Now at SS: Juan Acevado
|
|
Pinch Hitting: RHB Irwin Duncan
|
0-0: Ball 1-0: Ball 2-0: Ball 3-0: Called Strike 3-1: Called Strike 3-2: Foul Ball, location: 2F 3-2: Foul Ball, location: 2F 3-2: Strikes out swinging
|
Batting: LHB Phil Cantrell
|
0-0: Fly out, F7 (Flyball, 7LS)
|
Batting: LHB John Foster
|
0-0: Swinging Strike 0-1: Ball 1-1: Foul Ball, location: 2F 1-2: Ball 2-2: Strikes out looking
|
Bottom of the 9th over - 0 run(s), 0 hit(s), 0 error(s), 0 left on base; Calgary 28 - San Jose 11 |
|